 Dungeon Crawl Stone Soup version 0.29.0-7-g18a832c13a (webtiles) character file.

Game seed: 3358595360785299361

532 sanka the Grappler (level 7, -10/66 HPs)
             Began as a Troll Cinder Acolyte on Aug 30, 2022.
             Was a High Priest of Ignis.
             Mangled by an orc warrior
             ... wielding a +0 halberd of venom
              (18 damage)
             ... on level 4 of the Dungeon.
             The game lasted 00:04:22 (3438 turns).

sanka the Grappler (Troll Cinder Acolyte)           Turns: 3438, Time: 00:04:23

Health: -10/66     AC: 11    Str: 23    XL:     7   Next: 4%
Magic:  7/7        EV:  9    Int: 10    God:    Ignis [*****.]
Gold:   259        SH:  0    Dex:  7    Spells: 8/8 levels left

rFire   + . .      SeeInvis .     - Unarmed
rCold   . . .      Faith    .   (no shield)
rNeg    . . .      Spirit   .   a - +0 robe
rPois   .          Reflect  .   (helmet restricted)
rElec   .          Harm     .   (no cloak)
rCorr   .          Rampage  .   (gloves unavailable)
Will    .....                   (boots unavailable)
Stlth   +.........              (no amulet)
HPRegen 1.01/turn               (no ring)
MPRegen 0.10/turn               (no ring)

@: lethally poisoned (-10 -> -20), fiery-armoured
A: large, unfitting armour, claws 3, regeneration 1, shaggy fur 1, tough skin 1
a: Renounce Religion, Fiery Armour, Foxfire Swarm, Rising Flame


You were on level 4 of the Dungeon.
You worshipped Ignis.
Ignis was extremely pleased with you.
You visited 1 branch of the dungeon, and saw 4 of its levels.

You collected 259 gold pieces.


Innate Abilities, Weirdness & Mutations

You are too large for most types of armour.
You have claws for hands.
Your natural rate of healing is unusually fast.
You are covered in fur. (AC +1)
You have tough skin. (AC +1)


   Skills:
 - Level 2.4 Fighting
 + Level 8.1 Unarmed Combat
 - Level 1.0 Spellcasting
 - Level 2.1 Fire Magic


You had 8 spell levels left.
You didn't know any spells.
Your spell library contained the following spells:

 Spells                   Type           Power      Damage    Failure   Level
 Scorch                   Fire           8%         2d5       22%         2
 Apportation              Tloc           0%         N/A       34%         1
 Beastly Appendage        Tmut           0%         N/A       34%         1
 Necrotise                Necr           0%         1d4       34%         1
 Summon Small Mammal      Summ           0%         N/A       34%         1
 Ensorcelled Hibernation  Hex/Ice        0%         N/A       45%         2
 Wereblood                Tmut           0%         N/A       45%         2
 Portal Projectile        Hex/Tloc       0%         N/A       71%         3
 Spider Form              Tmut/Pois      0%         N/A       71%         3
 Tukima's Dance           Hex            0%         N/A       71%         3
 Anguish                  Hex/Necr       0%         N/A       98%         4
 Blade Hands              Tmut           0%         N/A       100%        5

Inventory:

Missiles
 k - 2 throwing nets {=f}
Armour
 a - a +0 robe (worn)
Scrolls
 d - 2 scrolls of teleportation {unknown}
 e - a scroll of summoning {unknown}
 g - 4 scrolls of identify {unknown}
 j - a scroll of magic mapping {unknown}
 l - 2 scrolls of vulnerability {unknown}
Potions
 b - a potion of heal wounds {unknown}
 c - 2 potions of curing {unknown}
 f - a potion of might {unknown}
 h - a potion of degeneration {unknown}
 i - a potion of magic {unknown}
 m - a potion of brilliance {unknown}
 n - a potion of haste {unknown}

Dungeon Overview and Level Annotations

Branches:
Dungeon (4/15)
 Temple: D:4-7

Altars:
Okawaru

░░░░,,,,,'..,░,,,...▒
,,,░,,,,,▒...░,,,...░
,,,░,,,,,▒..^▒,,÷..,░▒▒▒░
,,,░,,,,,▒...▒▒▒▒'▒▒▒...░
,,,░,,,,,▒............<.░
,,,░,,,,,▒..............░
,,,░,,,,,▒..............░
,,,',,,,,▒............).░
,,,░,,,,,▒......To......░
,,,░,,,,,▒..............░
'░░░,,,,,▒...▒▒....▒▒...░
,,,░,,,,,▒...▒▒▒▒▒▒▒▒,..░
,,,',,,,,▒.....)...'.,,,░
,,,░,,,,,▒.........▒,,,,░
,,,░,,,,,▒.........▒░,,,░
,,,░,,,,,▒...▒▒▒▒▒▒▒░,,,░
(,,░,,,,,▒...▒▒....▒░,,,░


You could see an orc warrior.


Message History

The orc warrior is burned by your cloak of flames.
The orc warrior is lightly wounded.
You scratch the orc warrior.
The orc warrior is moderately wounded.
You feel sick.
The orc warrior hits you with a +0 halberd of venom.
You are more poisoned.
You scratch the orc warrior.
The orc warrior is moderately wounded.
You feel very sick.
The orc warrior hits you with a +0 halberd of venom!
You are more poisoned.
You closely miss the orc warrior.
The orc warrior is moderately wounded.
You feel very sick.
The orc warrior hits you with a +0 halberd of venom!
* * * LOW HITPOINT WARNING * * *
Unknown command.
You closely miss the orc warrior.
The orc warrior is moderately wounded.
* * * LOW HITPOINT WARNING * * *
You feel very sick. The orc warrior closely misses you.
Unknown command.
You barely miss the orc warrior.
The orc warrior is moderately wounded.
* * * LOW HITPOINT WARNING * * *
You feel very sick.
The orc warrior hits you with a +0 halberd of venom!!
You die...

Action                   |  1- 3 |  4- 6 |  7- 9 || total
-------------------------+-------+-------+-------++-------
Melee: Unarmed           |   129 |   203 |     5 ||   337
       Punch             |     3 |     4 |       ||     7
Invok: Fiery Armour      |       |       |     1 ||     1
 Stab: Sleeping          |       |     1 |       ||     1
Armor: Robe              |    44 |    88 |     1 ||   133
Dodge: Dodged            |    74 |   103 |     1 ||   178

Levels and vault maps discovered:
D:1:      dpeg_arrival_rhombus, layout_basic, kennysheep_crisscross
D:2:      layout_basic, grunt_ministairs_2, chequers_serial_rivers_room_b,
          fountainhead, chequers_big_river
D:3:      layout_basic, overflow_temple_1_default,
          shapermc_ecumenical_altar_starsandcircs, st_stairs_9
D:4:      layout_gridville, minmay_diced_spiral, uniq_menkaure

Notes
Turn   | Place    | Note
-------+----------+-------------------------------------------
     0 | D:1      | sanka the Troll Cinder Acolyte began the quest for the Orb.
     0 | D:1      | Reached XP level 1. HP: 22/22 MP: 1/1
    65 | D:1      | Reached XP level 2. HP: 22/29 MP: 2/2
   190 | D:1      | Reached skill level 4 in Unarmed Combat
   266 | D:1      | Reached XP level 3. HP: 35/36 MP: 3/3
   727 | D:2      | Reached XP level 4. HP: 37/44 MP: 4/4
   739 | D:2      | Reached skill level 5 in Unarmed Combat
  1431 | D:3      | Reached XP level 5. HP: 45/50 MP: 5/5
  1439 | D:3      | Reached skill level 6 in Unarmed Combat
  1626 | D:3      | Found a faded altar of an unknown god.
  2224 | D:3      | Found an iron altar of Okawaru.
  2532 | D:4      | Noticed Menkaure
  2545 | D:4      | HP: 3/50 [Menkaure (13)]
  2547 | D:4      | Killed Menkaure
  2548 | D:4      | Reached skill level 7 in Unarmed Combat
  2548 | D:4      | Reached XP level 6. HP: 6/59 MP: 6/6
  3146 | D:4      | Noticed an orc warrior
  3175 | D:4      | Reached skill level 8 in Unarmed Combat
  3365 | D:4      | Reached XP level 7. HP: 44/66 MP: 7/7
  3438 | D:4      | Mangled by an orc warrior

Vanquished Creatures
  Menkaure (D:4)
  A gnoll bouda (D:3)
  An orc priest (D:4)
  A hound (D:4)
  2 jellies
  2 orc wizards (D:4)
  3 adders
  3 gnolls (D:3)
  4 worms
  7 dart slugs
  10 orcs
  6 bats
  11 endoplasms
  2 giant cockroaches (D:1)
  10 goblins
  11 hobgoblins
  13 jackals
  12 kobolds
  A quokka (D:1)
  8 ball pythons
  2 frilled lizards
  7 rats
118 creatures vanquished.

Vanquished Creatures (others)
  A plant (D:2)
1 creature vanquished.

Grand Total: 119 creatures vanquished
